TOP OF THE 1ST |
---|
Buchanan HS batting - Pitching for Shelby HS Rockets : RHP Jerry Marshall | Pitching: RHP Jerry Marshall | | Batting: RHB Richard Franco | 0-0: Ball 1-0: Ball 2-0: Foul Ball, location: 2F 2-1: Foul Ball, location: 2F 2-2: Ground out 6-3 (Groundball, 6) | Batting: LHB Franklin Jackson | 0-0: Ball 1-0: Ball 2-0: Fly out, F6 (Line Drive, 6) | Batting: RHB Anthony Moore | 0-0: Swinging Strike 0-1: Ball 1-1: Ball 2-1: Swinging Strike 2-2: Ball 3-2: Fly out, F8 (Flyball, 8LM) | Top of the 1st over - 0 runs, 0 hits, 0 errors, 0 left on base; Buchanan HS 0 - Shelby HS 0 | BOTTOM OF THE 1ST |
---|
Shelby HS Rockets batting - Pitching for Buchanan HS : LHP Jason Reyes | Pitching: LHP Jason Reyes | | Batting: RHB Phil Stephens | 0-0: Foul Ball, location: 2F 0-1: Foul Ball, location: 2F 0-2: Strikes out swinging | Batting: LHB Ben Ward | 0-0: Called Strike 0-1: Foul Ball, location: 2F 0-2: Foul Ball, location: 2F 0-2: Ball 1-2: Fly out, F8 (Flyball, 78D) | Batting: RHB Mario Flores | 0-0: Ball 1-0: Foul Ball, location: 2F 1-1: Foul Ball, location: 2F 1-2: Foul Ball, location: 2F 1-2: Strikes out swinging | Bottom of the 1st over - 0 runs, 0 hits, 0 errors, 0 left on base; Buchanan HS 0 - Shelby HS 0 | TOP OF THE 2ND |
---|
Buchanan HS batting - Pitching for Shelby HS Rockets : RHP Jerry Marshall | Batting: RHB William Pérez | 0-0: Ball 1-0: Ball 2-0: Ball 3-0: Called Strike 3-1: SINGLE (Line Drive, 6M) | Batting: LHB Edgar Cameron | 0-0: Called Strike 0-1: Ball 1-1: Called Strike 1-2: Ball 2-2: Ball 3-2: Ground out 6-3 (Groundball, 6S) William Pérez to second | Batting: LHB José Martínez | 0-0: Ball 1-0: Foul Ball, location: 2F 1-1: Foul Ball, location: 2F 1-2: Fly out, F7 (Flyball, 7LS) | Batting: RHB Tom Ross | 0-0: Ball 1-0: Fly out, F8 (Flyball, 78D) | Top of the 2nd over - 0 runs, 1 hit, 0 errors, 1 left on base; Buchanan HS 0 - Shelby HS 0 | BOTTOM OF THE 2ND |
---|
Shelby HS Rockets batting - Pitching for Buchanan HS : LHP Jason Reyes | Batting: RHB Jim Spears | 0-0: Ball 1-0: Ball 2-0: Called Strike 2-1: SINGLE (Flyball, 89M) | Batting: SHB Simon Spencer | 0-0: Foul Ball, location: 2F 0-1: Swinging Strike 0-2: Ball 1-2: Strikes out looking | Batting: LHB Ron Davis | 0-0: Ball 1-0: Foul Ball, location: 2F 1-1: Swinging Strike 1-2: Foul Ball, location: 2F 1-2: Strikes out swinging | Batting: RHB Art McDonald | 0-0: Ball 1-0: Ball 2-0: Fly out, F9 (Flyball, 89S) | Bottom of the 2nd over - 0 runs, 1 hit, 0 errors, 1 left on base; Buchanan HS 0 - Shelby HS 0 | TOP OF THE 3RD |
---|
Buchanan HS batting - Pitching for Shelby HS Rockets : RHP Jerry Marshall | Batting: LHB David Guillén | 0-0: Ball 1-0: Called Strike 1-1: Called Strike 1-2: Ball 2-2: Foul Ball, location: 2F 2-2: Strikes out swinging | Batting: RHB Len Valadez | 0-0: Ball 1-0: DOUBLE (Flyball, 89D) | Batting: RHB Richard Franco | 0-0: SINGLE (Groundball, 34S) (infield hit) Len Valadez to third | Batting: LHB Franklin Jackson | 0-0: Called Strike 0-1: Ball 1-1: Ball 2-1: Fly out, F7 (Line Drive, 7) Runner from 3rd tags up, SCORES, throw made | Batting: RHB Anthony Moore | 0-0: Ball 1-0: Called Strike 1-1: SINGLE (Groundball, 6MD) Richard Franco to second Runner from 2nd tries for 3rd, SAFE, throw made to third | Batting: RHB William Pérez | 0-0: Ball 1-0: Ball 2-0: Ball 3-0: Called Strike 3-1: Ground out 5-3 (Groundball, 56S) | Top of the 3rd over - 1 run, 3 hits, 0 errors, 2 left on base; Buchanan HS 1 - Shelby HS 0 | BOTTOM OF THE 3RD |
---|
Shelby HS Rockets batting - Pitching for Buchanan HS : LHP Jason Reyes | Batting: RHB Craig Jensen | 0-0: Ball 1-0: SINGLE (Groundball, 4) (infield hit) | Batting: RHB Sergio Ramírez | 0-0: Ball 1-0: Called Strike 1-1: Called Strike 1-2: Foul Ball, location: 2F 1-2: Ball 2-2: Grounds into double play, 4-6-3 (Groundball, 4) | Batting: RHB Phil Stephens | 0-0: Ball 1-0: Foul Ball, location: 2F 1-1: Ball 2-1: Foul Ball, location: 2F 2-2: SINGLE (Groundball, 34D) | Batting: LHB Ben Ward | 0-0: Ball 1-0: SINGLE (Line Drive, 5) Phil Stephens to second Phil Stephens to third | Batting: RHB Mario Flores | 0-0: Called Strike 0-1: Swinging Strike 0-2: Strikes out looking | Bottom of the 3rd over - 0 runs, 3 hits, 0 errors, 2 left on base; Buchanan HS 1 - Shelby HS 0 | TOP OF THE 4TH |
---|
Buchanan HS batting - Pitching for Shelby HS Rockets : RHP Jerry Marshall | Batting: LHB Edgar Cameron | 0-0: Swinging Strike 0-1: Swinging Strike 0-2: Strikes out swinging | Batting: LHB José Martínez | 0-0: Foul Ball, location: 2F 0-1: Ball 1-1: Foul Ball, location: 2F 1-2: SINGLE (Groundball, 34S) (infield hit) | Batting: RHB Tom Ross | 0-0: Ball 1-0: Ball 2-0: Ball 3-0: Called Strike 3-1: SINGLE (Flyball, 78M) José Martínez to second | Batting: LHB David Guillén | 0-0: Foul Ball, location: 2F 0-1: Called Strike José Martínez steals 3rd base 0-2: Strikes out swinging | Batting: RHB Len Valadez | 0-0: Ball 1-0: Ball 2-0: Ball 3-0: Base on Balls Tom Ross to second | Batting: RHB Richard Franco | 0-0: Called Strike 0-1: Ball 1-1: Foul Ball, location: 2F 1-2: Ball 2-2: Ball 3-2: SINGLE (Groundball, 56D) José Martínez scores Tom Ross to third Len Valadez to second Tom Ross scores Len Valadez to third | Batting: LHB Franklin Jackson | 0-0: Called Strike 0-1: Fly out, F7 (Flyball, 7LMF) | Top of the 4th over - 2 runs, 3 hits, 0 errors, 2 left on base; Buchanan HS 3 - Shelby HS 0 | BOTTOM OF THE 4TH |
---|
Shelby HS Rockets batting - Pitching for Buchanan HS : LHP Jason Reyes | Batting: RHB Jim Spears | 0-0: Ball 1-0: Called Strike 1-1: SOLO HOME RUN (Flyball, 7LD), Distance : 375 ft | Batting: SHB Simon Spencer | 0-0: Called Strike 0-1: Foul Ball, location: 2F 0-2: Ball 1-2: Ball 2-2: Strikes out looking | Batting: LHB Ron Davis | 0-0: Ball 1-0: Ground out 4-3 (Groundball, 4) | Batting: RHB Art McDonald | 0-0: Ball 1-0: TRIPLE (Flyball, 78XD) | Batting: RHB Craig Jensen | 0-0: Called Strike 0-1: Swinging Strike 0-2: Strikes out swinging | Bottom of the 4th over - 1 run, 2 hits, 0 errors, 1 left on base; Buchanan HS 3 - Shelby HS 1 | TOP OF THE 5TH |
---|
Buchanan HS batting - Pitching for Shelby HS Rockets : RHP Jerry Marshall | Batting: RHB Anthony Moore | 0-0: Ball 1-0: SINGLE (Groundball, 6MD) | Pitching: RHP Kevin Cain | | Batting: RHB William Pérez | 0-0: Called Strike 0-1: Ball 1-1: Ball 2-1: Foul Ball, location: 2F 2-2: Foul Ball, location: 2F 2-2: Fly out, F3 (Popup, 34S) | Batting: LHB Edgar Cameron | 0-0: Ball 1-0: Ball 2-0: Ball 3-0: Base on Balls Anthony Moore to second | Batting: LHB José Martínez | 0-0: Single, Error in OF, E9, batter to second base Anthony Moore scores Edgar Cameron to third | Batting: RHB Tom Ross | 0-0: Called Strike 0-1: Ball 1-1: Foul Ball, location: 2F 1-2: Ball 2-2: Strikes out looking | Batting: LHB David Guillén | 0-0: Ground out 6-3 (Groundball, 6S) | Top of the 5th over - 1 run, 2 hits, 1 error, 2 left on base; Buchanan HS 4 - Shelby HS 1 | BOTTOM OF THE 5TH |
---|
Shelby HS Rockets batting - Pitching for Buchanan HS : LHP Jason Reyes | Batting: RHB Sergio Ramírez | 0-0: Foul Ball, location: 2F 0-1: Foul Ball, location: 2F 0-2: Ball 1-2: Foul Ball, location: 2F 1-2: SINGLE (Flyball, 9LM) | Batting: RHB Phil Stephens | 0-0: Foul Ball, location: 2F 0-1: Grounds into double play, 6-4-3 (Groundball, 6) | Batting: LHB Ben Ward | 0-0: Ball 1-0: Ball 2-0: Called Strike 2-1: Ball 3-1: Swinging Strike 3-2: Base on Balls | Batting: RHB Mario Flores | 0-0: Ball 1-0: SINGLE (Groundball, 56D) Ben Ward to second | Batting: RHB Jim Spears | 0-0: Called Strike 0-1: Called Strike 0-2: Ball 1-2: Ball 2-2: Foul Ball, location: 2F 2-2: Strikes out swinging | Bottom of the 5th over - 0 runs, 2 hits, 0 errors, 2 left on base; Buchanan HS 4 - Shelby HS 1 | TOP OF THE 6TH |
---|
Buchanan HS batting - Pitching for Shelby HS Rockets : RHP Kevin Cain | Batting: RHB Len Valadez | 0-0: Called Strike 0-1: Swinging Strike 0-2: Strikes out swinging | Batting: RHB Richard Franco | 0-0: Ball 1-0: Foul Ball, location: 2F 1-1: Foul Ball, location: 2F 1-2: Fly out, F6 (Line Drive, 6) | Batting: LHB Franklin Jackson | 0-0: Fly out, F7 (Flyball, 7D) | Top of the 6th over - 0 runs, 0 hits, 0 errors, 0 left on base; Buchanan HS 4 - Shelby HS 1 | BOTTOM OF THE 6TH |
---|
Shelby HS Rockets batting - Pitching for Buchanan HS : LHP Jason Reyes | Pitching: RHP Kent Britt | | Batting: SHB Simon Spencer | 0-0: Ball 1-0: Ground out 6-3 (Groundball, 6) | Batting: LHB Ron Davis | 0-0: Foul Ball, location: 2F 0-1: Ground out 4-3 (Groundball, 4M) | Batting: RHB Art McDonald | 0-0: Called Strike 0-1: Ball 1-1: Called Strike 1-2: Foul Ball, location: 2F 1-2: Fly out, F9 (Line Drive, 9D) | Bottom of the 6th over - 0 runs, 0 hits, 0 errors, 0 left on base; Buchanan HS 4 - Shelby HS 1 | TOP OF THE 7TH |
---|
Buchanan HS batting - Pitching for Shelby HS Rockets : RHP Kevin Cain | Batting: RHB Anthony Moore | 0-0: Ball 1-0: Ball 2-0: Foul Ball, location: 2F 2-1: SOLO HOME RUN (Flyball, 7LD), Distance : 373 ft | Batting: RHB William Pérez | 0-0: Ball 1-0: Swinging Strike 1-1: Swinging Strike 1-2: Strikes out looking | Batting: LHB Edgar Cameron | 0-0: Ball 1-0: Ball 2-0: Foul Ball, location: 2F 2-1: Ball 3-1: Base on Balls | Batting: LHB José Martínez | 0-0: Ball 1-0: Called Strike 1-1: Ball 2-1: SINGLE (Groundball, 34D) Edgar Cameron to second Throwing error, E9 Edgar Cameron scores José Martínez to second | Batting: RHB Tom Ross | 0-0: Called Strike 0-1: Ball Passed Ball! José Martínez to third 1-1: DOUBLE (Line Drive, 9LM) José Martínez scores | Batting: LHB David Guillén | 0-0: Swinging Strike 0-1: SINGLE (Groundball, 4MD) Tom Ross to third Runner from 3rd tries for Home, SAFE, no throw | Batting: RHB Len Valadez | 0-0: Foul Ball, location: 2F 0-1: Ball 1-1: Foul Ball, location: 2F 1-2: SINGLE (Line Drive, 7S) David Guillén to second | Batting: RHB Richard Franco | 0-0: Fly out, F9 (Flyball, 9S) | Batting: LHB Franklin Jackson | 0-0: Ball 1-0: Fly out, F8 (Flyball, 8LD) | Top of the 7th over - 4 runs, 5 hits, 1 error, 2 left on base; Buchanan HS 8 - Shelby HS 1 | BOTTOM OF THE 7TH |
---|
Shelby HS Rockets batting - Pitching for Buchanan HS : RHP Kent Britt | Batting: RHB Craig Jensen | 0-0: SINGLE (Line Drive, 78S) | Batting: RHB Sergio Ramírez | 0-0: Ball 1-0: Swinging Strike 1-1: Ball 2-1: Swinging Strike 2-2: Foul Ball, location: 2F 2-2: SINGLE (Line Drive, 56D) Craig Jensen to second | Batting: RHB Phil Stephens | 0-0: Ball 1-0: Ball 2-0: Ball 3-0: Base on Balls Craig Jensen to third Sergio Ramírez to second | Batting: LHB Ben Ward | 0-0: Grounds into double play, 3-6-3 (Groundball, 3) Craig Jensen scores Sergio Ramírez to third | Batting: RHB Mario Flores | 0-0: Foul Ball, location: 2F 0-1: Ball 1-1: Ground out 6-3 (Groundball, 6) | Bottom of the 7th over - 1 run, 2 hits, 0 errors, 1 left on base; Buchanan HS 8 - Shelby HS 2 | TOP OF THE 8TH |
---|
Buchanan HS batting - Pitching for Shelby HS Rockets : RHP Kevin Cain | Batting: RHB Anthony Moore | 0-0: Ball 1-0: Ball 2-0: Ball 3-0: Called Strike 3-1: SINGLE (Line Drive, 5S) | Pitching: RHP Jonathan Kelley | | Batting: RHB William Pérez | 0-0: Ball 1-0: SINGLE (Flyball, 8RS) Anthony Moore to second | Batting: LHB Edgar Cameron | 0-0: Ball 1-0: Fly out, F7 (Flyball, 7) | Batting: LHB José Martínez | 0-0: Ball 1-0: Ball 2-0: Ball 3-0: Called Strike 3-1: SINGLE (Line Drive, 6M) Anthony Moore to third William Pérez to second | Batting: RHB Tom Ross | 0-0: Swinging Strike 0-1: Ball 1-1: Ball 2-1: Grounds into double play, 1-2-3 (Groundball, 15S) | Top of the 8th over - 0 runs, 3 hits, 0 errors, 2 left on base; Buchanan HS 8 - Shelby HS 2 | BOTTOM OF THE 8TH |
---|
Shelby HS Rockets batting - Pitching for Buchanan HS : RHP Kent Britt | Batting: RHB Jim Spears | 0-0: Called Strike 0-1: Ball 1-1: Ball 2-1: Foul Ball, location: 2F 2-2: Ball 3-2: Ground out 1-3 (Groundball, 13) | Batting: SHB Simon Spencer | 0-0: Called Strike 0-1: Ball 1-1: Foul Ball, location: 2F 1-2: Ground out U3 (Groundball, 34) | Batting: LHB Ron Davis | 0-0: Called Strike 0-1: Foul Ball, location: 2F 0-2: Ball 1-2: Ball 2-2: Foul Ball, location: 2F 2-2: Foul Ball, location: 2F 2-2: Ball 3-2: SINGLE (Line Drive, 34) | Batting: RHB Art McDonald | 0-0: Swinging Strike 0-1: Ball 1-1: Ball 2-1: Called Strike 2-2: Ball 3-2: Strikes out swinging | Bottom of the 8th over - 0 runs, 1 hit, 0 errors, 1 left on base; Buchanan HS 8 - Shelby HS 2 | TOP OF THE 9TH |
---|
Buchanan HS batting - Pitching for Shelby HS Rockets : RHP Jonathan Kelley | Batting: LHB David Guillén | 0-0: Foul Ball, location: 2F 0-1: Ball 1-1: Ground out U3 (Groundball, 34) | Batting: RHB Len Valadez | 0-0: Called Strike 0-1: Ball 1-1: Fly out, F8 (Flyball, 8RM) | Batting: RHB Richard Franco | 0-0: Ball 1-0: Ball 2-0: Ball 3-0: Base on Balls | Batting: LHB Franklin Jackson | 0-0: Ball 1-0: Foul Ball, location: 2F 1-1: Ball 2-1: Called Strike 2-2: Ball 3-2: Ground out 6-3 (Groundball, 6) | Top of the 9th over - 0 runs, 0 hits, 0 errors, 1 left on base; Buchanan HS 8 - Shelby HS 2 | BOTTOM OF THE 9TH |
---|
Shelby HS Rockets batting - Pitching for Buchanan HS : RHP Kent Britt | Now in LF: Jim Williams | | Batting: RHB Craig Jensen | 0-0: SINGLE (Line Drive, 6MD) | Batting: RHB Sergio Ramírez | 0-0: Ball 1-0: Called Strike 1-1: Ball 2-1: Ground out 5-3 (Groundball, 5S) Craig Jensen to second | Pitching: RHP Carl Cunningham | | Batting: RHB Phil Stephens | 0-0: Ground out 6-3 (Groundball, 6) | Batting: LHB Ben Ward | 0-0: Ball 1-0: Foul Ball, location: 2F 1-1: Fly out, F5 (Popup, 56) | Bottom of the 9th over - 0 runs, 1 hit, 0 errors, 1 left on base; Buchanan HS 8 - Shelby HS 2 | |